 Dungeon Crawl Stone Soup version 0.28-a0-773-g130ae17fe5 (webtiles) character file.

Game seed: 1682566483740290545

17280 lunkers the Thaumaturge (level 12, 0/95 HPs)
             Began as a Djinni Cinder Acolyte on Oct 28, 2021.
             Was a High Priest of Ignis.
             Slain by a boulder beetle (24 damage)
             ... on level 2 of the Lair of Beasts on Nov 1, 2021.
             The game lasted 00:37:02 (13737 turns).

lunkers the Thaumaturge (Djinni Cinder Acolyte)    Turns: 13737, Time: 00:37:03

Health: 0/95       AC: 12    Str: 13    XL:     12   Next: 80%
Gold:   737        EV: 14    Int: 19    God:    Ignis [*****.] SH:  4 Dex: 11

rFire   + + .      SeeInvis .   y - staff of cold
rCold   + . .      Faith    .   J - +0 buckler {AC+3}
rNeg    . . .      Spirit   .   A - +0 acid dragon scales
rPois   ∞          Reflect  .   d - +1 helmet
rElec   .          Harm     .   (no cloak)
rCorr   +          Rampage  .   E - +0 pair of gloves
Will    ++...                   (boots unavailable)
Stlth   +.........              n - amulet of regeneration
HPRegen 1.25/turn               a - +4 ring of evasion
MPRegen 0.00/turn               F - ring of ice

@: flying, unable to read
A: sickness immunity, fire resistance 2, cold vulnerability 1, float, innate
caster, hp casting, extra vitality 1, strong-willed 1, inability to read while
threatened
a: Renounce Religion, Sea of Fire, Foxfire Swarm, Rising Flame


You were on level 2 of the Lair of Beasts.
You worshipped Ignis.
Ignis was extremely pleased with you.
You visited 2 branches of the dungeon, and saw 13 of its levels.
You also visited: Ossuary.

You collected 737 gold pieces.

Inventory:

Hand Weapons
 f - a +4 dagger of draining
 u - a +4 dagger of protection
Missiles
 B - a throwing net
Armour
 d - a +1 helmet (worn)
 x - +0 steam dragon scales
 z - a +0 buckler
 A - +0 acid dragon scales (worn)
 D - a +1 ring mail of willpower
 E - a +0 pair of gloves (worn)
 J - a +0 buckler of protection (worn)
Magical Staves
 y - a staff of cold (weapon)
Jewellery
 a - a +4 ring of evasion (left hand)
 n - an amulet of regeneration (around neck)
 F - a ring of ice (right hand)
 H - a ring of protection from fire
Wands
 e - a wand of iceblast (16)
 g - a wand of polymorph (11)
 r - a wand of flame (70)
 t - a wand of paralysis (14)
 C - a wand of acid (7)
Scrolls
 b - 5 scrolls of identify
 c - 8 scrolls of teleportation
 i - a scroll of enchant weapon
 q - a scroll of fear
 v - a scroll of blinking
 I - a scroll of fog
Potions
 h - a potion of might
 j - 2 potions of flight
 k - 2 potions of haste
 l - 11 potions of curing
 m - 3 potions of attraction
 o - 2 potions of ambrosia
 p - 2 potions of heal wounds
 s - 3 potions of lignification
 w - a potion of invisibility
 G - a potion of brilliance


   Skills:
 + Level 11.8 Fighting
 - Level 2.6 Long Blades
 - Level 4.0 Shields
 * Level 12.7 Spellcasting


You had 21 spell levels left.
You knew the following spells:

 Your Spells              Type           Power      Damage    Failure   Level
a - Pain                  Necr           100%       1d9       1%          1
b - Wereblood             Tmut           57%        N/A       1%          2
c - Inner Flame           Hex/Fire       57%        N/A       1%          3
d - Mephitic Cloud        Conj/Pois/Air  57%        N/A       1%          3
e - Summon Ice Beast      Ice/Summ       94%        N/A       1%          4
p - Scorch                Fire           100%       2d10      1%          2
Your spell library was empty.

Dungeon Overview and Level Annotations

Branches:
Dungeon (11/15)            Temple (0/1) D:6            Lair (2/6) D:11
    Orc (0/2) D:11        Ossuary (visited)
  Swamp: Lair:2-4    Shoals: Lair:2-4     Snake: Lair:2-4    Spider: Lair:2-4

Altars:
Cheibriados
Gozag
Nemelex Xobeh
Okawaru
Trog
Wu Jian
Xom
The Shining One
Beogh

Shops:
D:1 *   D:3 :=*(*   D:4 *   D:6 *   D:7 =

Annotations:
D:6 2 transporters, KoroneIsBestGirl's ghost, novice BaIE
D:7 2 runed translucent doors
D:8 2 transporters, omnomnOMINOUS's ghost, novice OpWn


Innate Abilities, Weirdness & Mutations

You are immune to sickness and miasma.
You are immune to poison.
Your flesh is very heat resistant. (rF++)
You are vulnerable to cold. (rC-)
You float through the air rather than walking.
You learn spells naturally, not from books.
Your magical power is your life essence.
You have superior vitality. (+4 HP)
You are strong-willed. (Will+)
You sometimes lose the ability to read scrolls when taking damage.


Message History

Press: ? - help, Q - select action, (/) - cycle Dir - look around, f - activate Flames lash the boulder beetle but do no damage.
You block the bullfrog's attack.
Your ice beast hits the boulder beetle but does no damage.
The boulder beetle barely misses you. The bullfrog closely misses you.
Unknown command.
Casting: Scorch (safe; 1% risk of failure)
Press: ? - help, Q - select action, (/) - cycle Dir - look around, f - activate Flames lash the water moccasin.
The water moccasin is lightly wounded.
The water moccasin's fire resistance burns away.
Your ice beast hits the boulder beetle but does no damage.
The boulder beetle bites you!
You feel threatened and lose the ability to read scrolls!
* * * LOW HITPOINT WARNING * * *
The bullfrog misses you.
Casting: Scorch (safe; 1% risk of failure)
Press: ? - help, Q - select action, (/) - cycle Dir - look around, f - activate Flames lash the bullfrog.
The bullfrog is burned terribly!
The bullfrog is almost dead.
* * * LOW HITPOINT WARNING * * *
The bullfrog hits you.
* * * LOW HITPOINT WARNING * * *
Your ice beast hits the boulder beetle but does no damage.
The boulder beetle bites you!
* * * LOW HITPOINT WARNING * * *
The bullfrog misses you.
Casting: Scorch (safe; 1% risk of failure)
Press: ? - help, Q - select action, (/) - cycle Dir - look around, f - activate Flames lash the boulder beetle.
The boulder beetle is heavily wounded.
The boulder beetle's fire resistance burns away.
* * * LOW HITPOINT WARNING * * *
Your ice beast hits the boulder beetle but does no damage.
The boulder beetle bites you!
* * * LOW HITPOINT WARNING * * *
The bullfrog barely misses you. The water moccasin barely misses you.
Your ice beast hits the boulder beetle but does no damage.
The boulder beetle bites you!!
You die...

.#..........# #...# #..
#..#...+ #...###.⌠.###...
......## ..............#
..###)# .............#
#..# # #..........# ..###
###.......# #...#
####.##.S...# .+###
#.###..#BF..## ...##
###.....(Y@#+..#
....###..†..........#.#
....##..#...............
...##..##..........###...
....#..##..........#
...'...#............#
...P.####..........##
#.#### #..........# ..#
###.....##.#


You could see a boulder beetle (combustible, ally target), a water moccasin
(combustible), a bullfrog (combustible) and a friendly ice beast (summoned).

Vanquished Creatures
  5 two-headed ogres
  A moth of wrath (D:6)
  Joseph (D:8)
  5 cane toads
  Maggie (D:7)
  A komodo dragon (Lair:1)
  2 hornets
  Sigmund (D:2)
  9 yaks
  2 wyverns
  Menkaure (D:4)
  An acid dragon (D:9)
  3 water moccasins
  A swamp drake (D:11)
  A black bear (D:6)
  A sky beast (D:6)
  9 orc warriors
  An ice beast (D:7)
  A necrophage (D:6)
  A hornet zombie (D:6)
  9 wolves
  4 ogres
  2 centaurs
  Blork the orc (D:6)
  A kobold brigand (D:10)
  2 bullfrogs
  A scorpion (D:5)
  A wyvern zombie (D:8)
  7 water moccasin zombies (Ossuary)
  12 wights
  6 howler monkeys
  A bullfrog zombie (D:6)
  3 hounds
  A centaur zombie (D:10)
  A bullfrog skeleton (D:6)
  7 orc priests
  A gnoll shaman (D:8)
  Ijyb (D:2)
  2 iguanas
  5 orc wizards
  3 mummies
  5 gnolls
  A howler monkey skeleton (D:7)
  A howler monkey zombie (D:10)
  5 adders
  2 shadow imps (D:7)
  4 adder zombies (Ossuary)
  3 worms
  45 orcs
  5 ball pythons
  9 bats
  2 endoplasms
  3 giant cockroaches
  3 gnoll zombies (Ossuary)
  17 goblins
  13 hobgoblins
  2 jackals (D:3)
  4 quokkas
  5 frilled lizards
  5 hobgoblin zombies (Ossuary)
  11 kobolds
  7 kobold zombies (Ossuary)
  6 orc zombies
  10 rats
287 creatures vanquished.

Vanquished Creatures (collateral kills)
  2 two-headed ogres
  Sonja (Lair:1)
  An orc knight (D:11)
  A cyclops (D:11)
  A komodo dragon (D:11)
  A basilisk (D:11)
  3 yaks (D:11)
  Grum (D:11)
  An acid dragon (D:11)
  2 orc warriors
  2 wolves
  A howler monkey (D:11)
  An orc priest (D:11)
  An orc (D:10)
19 creatures vanquished.

Vanquished Creatures (others)
  A wolf (D:11)
  2 fungi (D:2)
  6 plants
9 creatures vanquished.

Grand Total: 315 creatures vanquished

Notes
Turn   | Place    | Note
-------+----------+-------------------------------------------
     0 | D:1      | lunkers the Djinni Cinder Acolyte began the quest for the
                  | Orb.
     0 | D:1      | Reached XP level 1. HP: 20/20 MP: 0/0
     7 | D:1      | Found Udinn's Assorted Antiques.
   129 | D:1      | Reached XP level 2. HP: 25/25 MP: 0/0
   733 | D:1      | Reached XP level 3. HP: 21/30 MP: 0/0
   733 | D:1      | Learned a level 1 spell: Pain
  1090 | D:1      | Reached skill level 3 in Spellcasting
  1233 | D:2      | Noticed Sigmund
  1250 | D:2      | HP: 1/30 [something (11)]
  1541 | D:2      | Gained mutation: You sometimes lose the ability to read
                  | scrolls when taking damage. [potion of mutation]
  1541 | D:2      | Gained mutation: You are strong-willed. (Will+) [potion of
                  | mutation]
  1661 | D:2      | Killed Sigmund
  1662 | D:2      | Reached skill level 4 in Spellcasting
  1662 | D:2      | Reached XP level 4. HP: 12/37 MP: 0/0
  1662 | D:2      | Reached XP level 5. HP: 13/41 MP: 0/0
  1662 | D:2      | Learned a level 2 spell: Wereblood
  1913 | D:2      | Reached XP level 6. HP: 30/47 MP: 0/0
  2108 | D:2      | Noticed Ijyb
  2118 | D:2      | Killed Ijyb
  2136 | D:1      | HP: 2/48 [quokka (1)]
  2628 | D:2      | Found a faded altar of an unknown god.
  3199 | D:3      | Found Uwuni's Assorted Antiques.
  3208 | D:3      | Found Ofaegra's Book Boutique.
  3240 | D:3      | Found Mazoddadgh's Jewellery Boutique.
  3360 | D:3      | Found Ejugis's Antique Weapon Shop.
  3939 | D:3      | Found Himeug's Assorted Antiques.
  4143 | D:4      | Noticed Menkaure
  4149 | D:4      | Killed Menkaure
  4150 | D:4      | Reached skill level 5 in Spellcasting
  4150 | D:4      | Reached XP level 7. HP: 44/53 MP: 0/0
  4150 | D:4      | Learned a level 3 spell: Inner Flame
  4325 | D:4      | Reached skill level 5 in Fighting
  4441 | D:4      | Found Nora's General Store.
  4625 | D:4      | Found a shimmering altar of Xom.
  5023 | D:5      | Entered Level 5 of the Dungeon
  5244 | D:5      | Found a sand-covered staircase.
  5273 | Ossuary  | Entered an ossuary
  5406 | Ossuary  | Reached XP level 8. HP: 33/60 MP: 0/0
  5482 | Ossuary  | Reached skill level 6 in Spellcasting
  6124 | D:6      | Reached skill level 7 in Spellcasting
  6124 | D:6      | Reached XP level 9. HP: 45/67 MP: 0/0
  6124 | D:6      | Learned a level 3 spell: Mephitic Cloud
  6283 | D:6      | You are sucked into a shaft and drop 2 floors!
  6509 | D:8      | Noticed Joseph
  6517 | D:7      | Noticed Maggie
  6530 | D:7      | Killed Maggie
  6558 | D:7      | Found Melaunk's Jewellery Shoppe.
  6604 | D:6      | Reached skill level 8 in Spellcasting
  6644 | D:6      | Found Uwerhack's CLEARANCE SALE!.
  6677 | D:6      | Found a transporter.
  6746 | D:6      | Found a transporter.
  6749 | D:6      | Noticed KoroneIsBestGirl's ghost (novice BaIE)
  6851 | D:6      | Found a staircase to the Ecumenical Temple.
  7054 | D:6      | Noticed Blork the orc
  7061 | D:6      | Killed Blork the orc
  7199 | D:6      | Noticed a moth of wrath
  7202 | D:6      | Found a bloodstained altar of Trog.
  7225 | D:6      | Killed a moth of wrath
  7226 | D:6      | Reached XP level 10. HP: 74/76 MP: 0/0
  7307 | D:7      | Reached skill level 9 in Spellcasting
  7526 | D:7      | Found a runed translucent door.
  7541 | D:7      | Found a runed translucent door.
  7557 | D:7      | Found an ornate altar of the Wu Jian Council.
  7769 | D:7      | Found a glowing golden altar of the Shining One.
  8172 | D:8      | Killed Joseph
  8173 | D:8      | Reached skill level 1 in Shields
  8373 | D:8      | Noticed omnomnOMINOUS's ghost (novice OpWn)
  8379 | D:8      | Found a transporter.
  8405 | D:8      | Found a transporter.
  8887 | D:9      | Noticed a two-headed ogre
  8896 | D:9      | Killed a two-headed ogre
  8940 | D:9      | Noticed a two-headed ogre
  8957 | D:9      | Killed a two-headed ogre
  9182 | D:9      | Noticed a two-headed ogre
  9187 | D:9      | Noticed a two-headed ogre
  9189 | D:9      | Killed a two-headed ogre
  9190 | D:9      | Reached skill level 10 in Spellcasting
  9190 | D:9      | Reached XP level 11. HP: 78/84 MP: 0/0
  9190 | D:9      | Learned a level 4 spell: Summon Ice Beast
  9193 | D:9      | Killed a two-headed ogre
  9269 | D:9      | Found an opulent altar of Gozag.
  9347 | D:9      | Found a snail-covered altar of Cheibriados.
  9502 | D:10     | Entered Level 10 of the Dungeon
  9770 | D:10     | Upgraded the game from 0.28-a0-730-g892d06dc2c to
                  | 0.28-a0-773-g130ae17fe5
  9846 | D:10     | Found a sparkling altar of Nemelex Xobeh.
  9928 | D:10     | Noticed a two-headed ogre
  9941 | D:10     | Killed a two-headed ogre
  9942 | D:10     | Reached skill level 10 in Fighting
 10018 | D:10     | Found an iron altar of Okawaru.
 10150 | D:10     | Noticed a two-headed ogre
 10177 | D:10     | Killed a two-headed ogre
 10723 | D:11     | Found a staircase to the Orcish Mines.
 10732 | D:11     | Reached skill level 11 in Spellcasting
 11168 | D:11     | Noticed a cyclops
 11175 | D:11     | Killed a cyclops
 11244 | D:11     | Noticed an orc knight
 11264 | D:11     | Killed an orc knight
 11748 | D:11     | Reached XP level 12. HP: 89/93 MP: 0/0
 11787 | D:11     | Noticed Grum
 11804 | D:11     | Killed Grum
 11840 | D:11     | Noticed a two-headed ogre
 11846 | D:11     | Killed a two-headed ogre
 11888 | D:11     | Found a staircase to the Lair.
 12373 | Lair:1   | Entered Level 1 of the Lair of Beasts
 12478 | D:11     | Reached skill level 12 in Spellcasting
 13198 | Lair:1   | Noticed Sonja
 13205 | Lair:1   | Killed Sonja
 13715 | Lair:2   | Noticed a boulder beetle
 13737 | Lair:2   | Slain by a boulder beetle

Illustrated notes

Levels and vault maps discovered:
D:1:      scummos_arrival_checkerplants, layout_rooms, serial_shops, shop
D:2:      kennysheep_the_goblin_king, layout_rooms,
          shapermc_ecumenical_altar_mp_urbaneastern, chequers_jeans,
          minmay_fractal_squares_5, uniq_sigmund
D:3:      layout_rooms, serial_shops, nicolae_shop_crystal,
          nicolae_shop_behind_doors, shop, nicolae_diamond_shop, shop,
          fountainhead, chequers_garden, minmay_goblin_outpost
D:4:      layout_gridville, xom_butterflies, serial_shops, shop, uniq_menkaure
D:5:      layout_basic, nicolae_ossuary_entry_giza
D:6:      layout_basic, tgw_trog, minmay_temple_entry_junction,
          gammafunk_ghost_stat_death, nicolae_shop_clearance, uniq_blork_the_orc
D:7:      lemuel_insect_pit, layout_loops_corners, general_overflow_altar,
          mainiacjoe_overflow_concentric_impassable, serial_shops,
          nicolae_stop_n_shop_1, st_stairs_12, uniq_maggie
D:8:      layout_basic, gammafunk_ghost_arena, uniq_joseph
D:9:      layout_loops_ring, mainiacjoe_overflow_swirl,
          kennysheep_generic_room_14
D:10:     layout_basic, mainiacjoe_overflow_alcove_4,
          nemelex_xobeh_ov_fountains_minmay
D:11:     layout_roguey [special_room_orc], erik_lair_dragon,
          minmay_orc_entry_temple_small, uniq_grum
Lair:1:   layout_hall_layers, beast_lair_carwin_11, uniq_sonja
Lair:2:   layout_roguey, nicolae_swamp_entry_splash_gauntlet, grunt_megastairs_5

Skill      XL: |  1  2  3  4  5  6  7  8  9 10 11 12 |
---------------+-------------------------------------+-----
Spellcasting   | 4 5 7 8 10 11 12 | 12.7
Fighting       | 4 5 6 8 9 10 11 | 11.8
Shields        | 3 4 |  4.0
Long Blades    | |  2.6

Action                   |  1- 3 |  4- 6 |  7- 9 | 10-12 || total
-------------------------+-------+-------+-------+-------++-------
Melee: Falchion          |    20 |     7 |       |       ||    27
       Dagger            |       |     2 |     1 |       ||     3
 Cast: Scorch            |    35 |    76 |   232 |   355 ||   698
       Pain              |     7 |    13 |       |       ||    20
       Mephitic Cloud    |       |       |     1 |     5 ||     6
       Summon Ice Beast  |       |       |       |    26 ||    26
  Use: Potion            |     1 |       |       |       ||     1
       Scroll            |       |     8 |     5 |     8 ||    21
Armor: Robe              |    15 |     3 |     6 |       ||    24
       Steam dragon scal |       |       |     6 |     4 ||    10
       Acid dragon scale |       |       |       |    29 ||    29
Dodge: Dodged            |    38 |    29 |    95 |   102 ||   264
Block: Buckler           |       |       |       |    36 ||    36

Table legend: (Time is in decaauts)
 A = Elapsed time spent in this place.
 B = Non-inter-level travel time spent in this place.
 C = Inter-level travel time spent in this place.
 D = Time resting spent in this place.
 E = Time spent auto-exploring this place.
 F = Levels seen in this place.
 G = Mean time per level.
                   A        B        C        D        E       F      G
               +--------+--------+--------+--------+--------+-----+--------+
         Total |  13760 |  12939 |    821 |   1363 |   9439 |  14 |  982.9 |
       Dungeon |  12212 |  11448 |    764 |   1326 |   8386 |  11 | 1110.2 |
          Lair |   1246 |   1189 |     57 |     37 |    902 |   2 |  623.0 |
       Ossuary |    301 |    301 |      0 |      0 |    151 |   1 |  301.0 |
               +--------+--------+--------+--------+--------+-----+--------+

Top non-repeatable levels by time:
     D:1: 2272 daAuts
    D:10: 1419 daAuts
    D:11: 1309 daAuts
  Lair:1: 1106 daAuts
     D:4: 1004 daAuts
     D:6: 992 daAuts
     D:7: 988 daAuts
     D:2: 964 daAuts
     D:3: 942 daAuts
     D:8: 892 daAuts
     D:9: 736 daAuts
     D:5: 689 daAuts
 Ossuary: 301 daAuts
  Lair:2: 139 daAuts
